 Dungeon Crawl Stone Soup version 0.22.0-38-g04b72b8 (webtiles) character file.

286 Lew the Shield-Bearer (level 6, -10/53 HPs)
             Began as a Gnoll Fighter on Aug 28, 2018.
             Was an Initiate of the Shining One.
             Mangled by a gnoll
             ... wielding a +0 halberd
              (14 damage)
             ... on level 4 of the Dungeon.
             The game lasted 00:04:36 (1813 turns).

Lew the Shield-Bearer (Gnoll Fighter)               Turns: 1813, Time: 00:04:37

Health: -10/53     AC:  7    Str: 20    XL:     6   Next: 30%
Magic:  8/8        EV:  9    Int: 10    God:    the Shining One [......]
Gold:   166        SH: 13    Dex: 15    Spells: 8/8 levels left

rFire    . . .     SeeInvis .   a - +0 long sword
rCold    . . .     Gourm    +   q - +2 shield
rNeg     . . .     Faith    .   b - +0 scale mail
rPois    .         Spirit   .   (no helmet)
rElec    .         Reflect  .   (no cloak)
rCorr    .         Harm     .   (no gloves)
MR       +....                  (no boots)
Stlth    +.........             k - amulet of the gourmand
HPRegen  0.17/turn              j - ring of protection from magic
MPRegen  0.11/turn              (no ring)

@: very slightly contaminated, glowing
A: distributed training, fangs 1, strong nose
a: Renounce Religion


You were on level 4 of the Dungeon.
You worshipped the Shining One.
The Shining One was noncommittal.
You were not hungry.

You visited 1 branch of the dungeon, and saw 4 of its levels.

You collected 166 gold pieces.

Inventory:

Hand Weapons
 a - a +0 long sword (weapon)
Armour
 b - a +0 scale mail (worn)
 q - a +2 shield (worn)
Jewellery
 j - a ring of protection from magic (left hand)
 k - an amulet of the gourmand (around neck)
Wands
 p - a wand of iceblast (11)
Scrolls
 e - 5 scrolls of teleportation
 l - a scroll of remove curse
 s - 2 scrolls of magic mapping
Potions
 d - 4 potions of might
 m - a potion of haste
 n - a potion of agility {unknown}
 r - a potion of heal wounds {unknown}
Comestibles
 f - 6 rations


   Skills:
 + Level 6.8 Fighting
 + Level 1.8 Short Blades
 + Level 4.9 Long Blades
 + Level 1.8 Axes
 + Level 1.8 Maces & Flails
 + Level 1.8 Polearms
 + Level 1.8 Staves
 + Level 1.8 Slings
 + Level 1.8 Bows
 + Level 1.8 Crossbows
 + Level 1.8 Throwing
 + Level 6.8 Armour
 + Level 1.8 Dodging
 + Level 1.8 Stealth
 + Level 6.8 Shields
 + Level 1.8 Unarmed Combat
 + Level 1.8 Spellcasting
 + Level 1.4 Conjurations
 + Level 1.4 Hexes
 + Level 1.4 Charms
 + Level 1.4 Summonings
 + Level 1.4 Necromancy
 + Level 1.4 Translocations
 + Level 1.4 Transmutations
 + Level 1.4 Fire Magic
 + Level 1.4 Ice Magic
 + Level 1.4 Air Magic
 + Level 1.4 Earth Magic
 + Level 1.4 Poison Magic
 + Level 2.0 Invocations
 + Level 1.8 Evocations


You had 8 spell levels left.
You didn't know any spells.
Your spell library was empty.

Dungeon Overview and Level Annotations

Branches:
Dungeon (4/15)
 Temple: D:4-7

Altars:
Makhleb
Qazlal
Wu Jian
Xom
The Shining One


Innate Abilities, Weirdness & Mutations

Your experience applies equally to all skills.
You have very sharp teeth.
Your uncanny sense of smell can sniff out nearby items.


Message History

The orc hits you but does no damage.
You hit the orc priest.
The orc priest is severely wounded.
You block the orc wizard's attack.
The orc wizard casts a spell.
The orc wizard blinks!
The gnoll hits you from afar with a halberd!
The orc priest calls down the wrath of Beogh upon you.
Beogh smites you!
* * * LOW HITPOINT WARNING * * *
The orc wizard misses you. The orc hits you but does no damage.
An orc comes into view. It is wielding a hand axe.
You hit the orc priest but do no damage.
The orc priest is severely wounded.
You block the orc wizard's attack.
The orc priest mumbles some strange prayers to Beogh against you.
Pain shoots through your body!
* * * LOW HITPOINT WARNING * * *
The gnoll hits you from afar with a halberd!
You die... ##### o #...# .. #.ยง.# .oo #...# ..##...# gg.go# #ooo#

#.@.#
#...#
#...#
#####


You could see an orc priest, 2 orc wizards, 3 gnolls and 4 orcs.

Vanquished Creatures
  A centaur (D:2)
  A crimson imp (D:2)
  2 orc priests (D:3)
  4 adders
  3 worms (D:3)
  A dart slug (D:1)
  2 leopard geckos
  3 orcs (D:3)
  3 giant cockroaches
  8 goblins
  8 hobgoblins
  3 jackals (D:2)
  2 quokkas
  3 ball pythons
  9 bats
  4 frilled lizards
  3 kobolds
  6 rats
66 creatures vanquished.

Notes
Turn   | Place    | Note
-------+----------+-------------------------------------------
     0 | D:1      | Lew the Gnoll Fighter began the quest for the Orb.
     0 | D:1      | Reached XP level 1. HP: 23/23 MP: 1/1
    47 | D:1      | Reached XP level 2. HP: 28/29 MP: 2/2
   594 | D:1      | Reached XP level 3. HP: 26/35 MP: 3/3
   693 | D:2      | Found an ornate altar of the Wu Jian Council.
   776 | D:2      | Found a glowing golden altar of the Shining One.
   802 | D:2      | Became a worshipper of the Shining One
   809 | D:2      | Found a faded altar of an unknown god.
   855 | D:2      | Found a burning altar of Makhleb.
   858 | D:2      | Reached skill level 1 in Short Blades
   858 | D:2      | Reached skill level 1 in Axes
   858 | D:2      | Reached skill level 1 in Maces & Flails
   858 | D:2      | Reached skill level 1 in Polearms
   858 | D:2      | Reached skill level 1 in Staves
   858 | D:2      | Reached skill level 1 in Slings
   858 | D:2      | Reached skill level 1 in Bows
   858 | D:2      | Reached skill level 1 in Crossbows
   858 | D:2      | Reached skill level 1 in Throwing
   858 | D:2      | Reached skill level 1 in Dodging
   858 | D:2      | Reached skill level 1 in Stealth
   858 | D:2      | Reached skill level 1 in Unarmed Combat
   858 | D:2      | Reached skill level 1 in Spellcasting
   858 | D:2      | Reached skill level 1 in Invocations
   858 | D:2      | Reached skill level 1 in Evocations
   858 | D:2      | Reached XP level 4. HP: 41/41 MP: 5/5
  1105 | D:2      | Noticed a centaur
  1120 | D:2      | Killed a centaur
  1120 | D:2      | Reached skill level 1 in Conjurations
  1120 | D:2      | Reached skill level 1 in Hexes
  1120 | D:2      | Reached skill level 1 in Charms
  1120 | D:2      | Reached skill level 1 in Summonings
  1120 | D:2      | Reached skill level 1 in Necromancy
  1120 | D:2      | Reached skill level 1 in Translocations
  1120 | D:2      | Reached skill level 1 in Transmutations
  1120 | D:2      | Reached skill level 1 in Fire Magic
  1120 | D:2      | Reached skill level 1 in Ice Magic
  1120 | D:2      | Reached skill level 1 in Air Magic
  1120 | D:2      | Reached skill level 1 in Earth Magic
  1120 | D:2      | Reached skill level 1 in Poison Magic
  1120 | D:2      | Reached XP level 5. HP: 26/47 MP: 5/7
  1189 | D:2      | Found a shimmering altar of Xom.
  1190 | D:2      | Found a shimmering altar of Xom.
  1190 | D:2      | Found a shimmering altar of Xom.
  1190 | D:2      | Found a shimmering altar of Xom.
  1191 | D:2      | Found a shimmering altar of Xom.
  1191 | D:2      | Found a shimmering altar of Xom.
  1191 | D:2      | Found a shimmering altar of Xom.
  1308 | D:3      | Found a stormy altar of Qazlal.
  1636 | D:3      | Reached XP level 6. HP: 53/53 MP: 8/8
  1813 | D:4      | Mangled by a gnoll

Skill      XL: |  1  2  3  4  5 |
---------------+----------------+-----
Short Blades   | 1 |  1.8
Axes           | 1 |  1.8
Maces & Flails | 1 |  1.8
Polearms       | 1 |  1.8
Staves         | 1 |  1.8
Slings         | 1 |  1.8
Bows           | 1 |  1.8
Crossbows      | 1 |  1.8
Throwing       | 1 |  1.8
Dodging        | 1 |  1.8
Stealth        | 1 |  1.8
Unarmed Combat | 1 |  1.8
Spellcasting   | 1 |  1.8
Invocations    | 1 2 |  2.0
Evocations     | 1 |  1.8
Conjurations   | 1 |  1.4
Hexes          | 1 |  1.4
Charms         | 1 |  1.4
Summonings     | 1 |  1.4
Necromancy     | 1 |  1.4
Translocations | 1 |  1.4
Transmutations | 1 |  1.4
Fire Magic     | 1 |  1.4
Ice Magic      | 1 |  1.4
Air Magic      | 1 |  1.4
Earth Magic    | 1 |  1.4
Poison Magic   | 1 |  1.4
Fighting       | |  6.8
Long Blades    | |  4.9
Armour         | |  6.8
Shields        | |  6.8

Action                   |  1- 3 |  4- 6 || total
-------------------------+-------+-------++-------
Melee: Long sword        |    61 |   127 ||   188
       Bite              |     5 |    20 ||    25
  Use: Scroll            |       |     9 ||     9
  Eat: Chunk             |       |     7 ||     7
Armor: Scale mail        |    23 |    48 ||    71
Dodge: Dodged            |    18 |    39 ||    57
Block: Shield            |    36 |    76 ||   112
       Rpst.: Long sword |     5 |    12 ||    17
